 Dungeon Crawl Stone Soup version bcrawl-1.19.2-6-g6a88ae04c9 (webtiles) character file.

Game seed: 6957579639191844395

4372 Freyura the Blocker (level 10, -17/82 HPs)
             Began as a Gnoll Fighter on Jan 4, 2020.
             Was a Believer of Ashenzari.
             Demolished by Gastronok (32 damage)
             ... on level 8 of the Dungeon.
             The game lasted 00:22:16 (7010 turns).

Freyura the Blocker (Gnoll Fighter)                 Turns: 7010, Time: 00:22:17

Health: -17/82     AC: 16    Str: 21      XL:     10   Next: 34%
Magic:  26/26      EV: 10    Int:  9      God:    Ashenzari [**....]
Gold:   408        SH: 12    Dex: 17 (18) Spells: 19/19 levels left

rFire    + . .     SeeInvis .   w - +9 dagger "Embalmer" {flame, rElec rN+ MP+9 Int-2} (curse)
rCold    + . .     Gourm    .   c - +0 shield (curse)
rNeg     + . .     Faith    .   u - +1 chain mail {rC+} (curse)
rPois    .         Spirit   .   (no helmet)
rElec    +         Reflect  .   E - +1 cloak {MR+} (curse)
rCorr    .         Harm     .   D - +0 pair of gloves (curse)
MR       +....                  (no boots)
Stlth    ..........             (no amulet)
HPRegen  0.23/turn              o - +3 ring of strength (curse)
MPRegen  0.20/turn              r - ring of protection from fire (curse)

@: no status effects
A: distributed training, fangs 1, strong nose
a: Curse Item, Scrying, Renounce Religion


You were on level 8 of the Dungeon.
You worshipped Ashenzari.
Ashenzari was pleased with you.
You were not hungry.

You visited 2 branches of the dungeon, and saw 9 of its levels.

You collected 408 gold pieces.

Inventory:

Hand Weapons
 a - a +0 flail
 w - the cursed +9 dagger "Embalmer" (weapon) {flame, rElec rN+ MP+9 Int-2}
   (You found it on level 5 of the Dungeon)

   It has been specially enchanted to burn those struck by it, causing extra
   injury to most foes and up to half again as much damage against particularly
   susceptible opponents.
   It affects your intelligence (-2).
   It insulates you from electricity.
   It protects you from negative energy.
   It affects your magic capacity (+9).
   It has a curse placed upon it.
 z - a +1 flail of holy wrath
Armour
 b - a +0 scale mail
 c - a cursed +0 shield (worn)
 u - a cursed +1 chain mail of cold resistance (worn)
 x - a cursed -2 robe
 D - a cursed +0 pair of gloves (worn)
 E - a cursed +1 cloak of magic resistance (worn)
Magical Staves
 C - a cursed staff of fire
Jewellery
 o - a cursed +3 ring of strength (left hand)
 r - a cursed ring of protection from fire (right hand)
Wands
 d - a wand of flame (42)
 s - a wand of polymorph (14)
 v - a wand of disintegration (13)
 y - a wand of paralysis (10)
Scrolls
 g - 3 scrolls of fog
 h - 2 scrolls of blinking
 i - 3 scrolls of teleportation
 m - 5 scrolls of remove curse
 n - a scroll of enchant armour {unknown}
 t - a scroll of enchant weapon {unknown}
 F - a scroll of identify
 G - a scroll of amnesia
 H - a scroll of fear
 I - a scroll of brand weapon {unknown}
 J - a scroll of immolation
Potions
 e - 2 potions of degeneration
 j - a potion of haste
 k - a potion of heal wounds {unknown}
 l - 5 potions of curing
 p - a potion of mutation
 q - a potion of lignification
 A - a potion of might
 B - 2 potions of resistance
Comestibles
 f - 14 rations {!d}


   Skills:
 + Level 8.4 Fighting
 + Level 5.1(7.3) Short Blades
 + Level 5.1 Long Blades
 + Level 5.1 Axes
 + Level 6.9 Maces & Flails
 + Level 5.1 Polearms
 + Level 5.1 Staves
 + Level 5.1 Slings
 + Level 5.1 Bows
 + Level 5.1 Crossbows
 + Level 5.1 Throwing
 + Level 8.4(10.6) Armour
 + Level 5.1 Dodging
 + Level 5.1 Stealth
 + Level 8.4(9.9) Shields
 + Level 5.1 Unarmed Combat
 + Level 5.1 Spellcasting
 + Level 4.2(5.6) Conjurations
 + Level 4.2(5.6) Hexes
 + Level 4.2(5.6) Charms
 + Level 4.2(5.6) Summonings
 + Level 4.2(5.6) Necromancy
 + Level 4.2(5.6) Translocations
 + Level 4.2(5.6) Transmutations
 + Level 4.2(5.6) Fire Magic
 + Level 4.2(5.6) Ice Magic
 + Level 4.2(5.6) Air Magic
 + Level 4.2(5.6) Earth Magic
 + Level 4.2(5.6) Poison Magic
 + Level 5.6 Invocations
 + Level 5.1(6.5) Evocations


You had 19 spell levels left.
You didn't know any spells.
Your spell library contained the following spells:

 Spells                   Type           Power        Failure   Level  Hunger
 Corona                   Hex            ##.....      30%         1    #......
 Ensorcelled Hibernation  Hex/Ice        ##....       41%         2    ##.....
 Call Canine Familiar     Summ           ##......     65%         3    ###....
 Confuse                  Hex            ##......     65%         3    ###....
 Dazzling Spray           Conj/Hex       ##....       65%         3    ###....
 Tukima's Dance           Hex            ##......     65%         3    ###....
 Summon Ice Beast         Ice/Summ       ##......     96%         4    #####..
 Summon Mana Viper        Hex/Summ       ##......     100%        5    ######.
 Summon Hydra             Summ           ##........   100%        6    #######
 Monstrous Menagerie      Summ           ##........   100%        7    #######


Dungeon Overview and Level Annotations

Branches:
Dungeon (8/12)             Temple (1/1) D:6
   Lair: D:7-9          Orc: D:8-11

Altars:
Ashenzari
Cheibriados
Dithmenos
Elyvilon
Fedhas
Gozag
Hepliaklqana
Kikubaaqudgha
Lugonu
Makhleb
Okawaru
Qazlal
Ru
Sif Muna
Trog
Uskayaw
Vehumet
Wu Jian
Xom
Yredelemnul
The Shining One

Shops:
D:4 %[   D:5 (

Annotations:
D:8 Gastronok


Innate Abilities, Weirdness & Mutations

Your experience applies equally to all skills.
You have very sharp teeth.
Your uncanny sense of smell can sniff out nearby items.


Message History

You block the quasit's attack.
The quasit claws you but does no damage.
The quokka bites you but does no damage.
You hit Gastronok. You burn Gastronok.
Gastronok is almost dead.
Gastronok casts a spell.
You block the quasit's attack.
The quasit claws you but does no damage. x2
Gastronok mumbles some strange words.
You block the quokka's attack.
You puncture Gastronok! You burn Gastronok.
Gastronok is almost dead.
Gastronok mumbles some strange words.
You feel sluggish. You block the quasit's attack.
The quasit claws you but does no damage.
You block the quasit's attack.
You hit Gastronok. You burn Gastronok.
Gastronok is almost dead.
You block the quokka's attack. Gastronok bites you!!
You die...

* * ,
,* *
*, , *
* *,*
, *∆ *
* #, ∆
, , *
, ,
#.####
#..r5#
,, *
#.##@#
, ,
#w# *
#5# *
#5r ,
* * *
###
*** *
* * **
, ,


You could see Gastronok, 2 quasits, a river rat, a shadow imp and a quokka.

Vanquished Creatures
  A centaur warrior (D:6)
  Pikel (D:4)
  Grinder (D:5)
  A hippogriff (D:7)
  Menkaure (D:6)
  A hungry ghost (D:6)
  Edmund (D:6)
  Duvessa (D:6)
  An orc warrior (D:6)
  2 black bears (D:7)
  2 sky beasts
  3 phantoms
  4 centaurs
  Blork the orc (D:5)
  3 bullfrogs
  Dowan (D:6)
  A scorpion (D:7)
  2 howler monkeys
  2 crimson imps (D:4)
  A centaur zombie (D:7)
  Crazy Yiuf (D:6)
  4 orc priests
  6 orc wizards
  Ijyb (D:3)
  3 iguanas
  3 worker ants
  3 gnolls (D:3)
  2 howler monkey skeletons
  11 adders
  2 shadow imps
  3 oozes
  7 worms
  4 leopard geckos
  10 orcs
  3 giant cockroaches
  3 goblins
  13 hobgoblins
  11 jackals
  A kobold (D:1)
  4 quokkas
  6 ball pythons
  8 bats
  A frilled lizard (D:5)
  4 rats (D:1)
145 creatures vanquished.

Vanquished Creatures (others)
  A sky beast (D:6)
  An orc (D:4)
  A plant (D:5)
3 creatures vanquished.

Grand Total: 148 creatures vanquished

Notes
Turn   | Place    | Note
-------+----------+-------------------------------------------
     0 | D:1      | Freyura the Gnoll Fighter began the quest for the Orb.
     0 | D:1      | Reached XP level 1. HP: 23/23 MP: 1/1
    67 | D:1      | Reached XP level 2. HP: 29/29 MP: 2/2
   558 | D:1      | Reached XP level 3. HP: 35/35 MP: 3/3
   902 | D:1      | Reached skill level 1 in Invocations
  1320 | D:2      | Reached skill level 1 in Short Blades
  1320 | D:2      | Reached skill level 1 in Long Blades
  1320 | D:2      | Reached skill level 1 in Axes
  1320 | D:2      | Reached skill level 1 in Polearms
  1320 | D:2      | Reached skill level 1 in Staves
  1320 | D:2      | Reached skill level 1 in Slings
  1320 | D:2      | Reached skill level 1 in Bows
  1320 | D:2      | Reached skill level 1 in Crossbows
  1320 | D:2      | Reached skill level 1 in Throwing
  1320 | D:2      | Reached skill level 1 in Dodging
  1320 | D:2      | Reached skill level 1 in Stealth
  1320 | D:2      | Reached skill level 1 in Unarmed Combat
  1320 | D:2      | Reached skill level 1 in Spellcasting
  1320 | D:2      | Reached skill level 1 in Evocations
  1334 | D:2      | Reached XP level 4. HP: 41/41 MP: 5/5
  1416 | D:2      | Found a glowing golden altar of the Shining One.
  1417 | D:2      | Found a shattered altar of Ashenzari.
  1428 | D:2      | Became a worshipper of Ashenzari the Shackled
  1763 | D:3      | Noticed a centaur
  1781 | D:3      | Killed a centaur
  1781 | D:3      | Reached skill level 1 in Conjurations
  1781 | D:3      | Reached skill level 1 in Hexes
  1781 | D:3      | Reached skill level 1 in Charms
  1781 | D:3      | Reached skill level 1 in Summonings
  1781 | D:3      | Reached skill level 1 in Necromancy
  1781 | D:3      | Reached skill level 1 in Translocations
  1781 | D:3      | Reached skill level 1 in Transmutations
  1781 | D:3      | Reached skill level 1 in Fire Magic
  1781 | D:3      | Reached skill level 1 in Ice Magic
  1781 | D:3      | Reached skill level 1 in Air Magic
  1781 | D:3      | Reached skill level 1 in Earth Magic
  1781 | D:3      | Reached skill level 1 in Poison Magic
  1781 | D:3      | Reached XP level 5. HP: 7/47 MP: 5/7
  2320 | D:3      | Reached XP level 6. HP: 46/53 MP: 8/8
  2603 | D:3      | Noticed Ijyb
  2613 | D:3      | Killed Ijyb
  2613 | D:3      | Reached skill level 5 in Maces & Flails
  2830 | D:4      | Found Vezxaqug's Armour Shop.
  2850 | D:4      | Noticed a phantom
  2909 | D:4      | Killed a phantom
  2909 | D:4      | Reached XP level 7. HP: 18/59 MP: 10/10
  3312 | D:4      | Found Boxavimu's Food Shoppe.
  3315 | D:4      | Reached * piety under Ashenzari
  3730 | D:4      | Noticed Pikel
  3748 | D:4      | Killed Pikel
  3748 | D:4      | Reached XP level 8. HP: 66/67 MP: 10/12
  3780 | D:5      | Entered Level 5 of the Dungeon
  3801 | D:5      | Found Xixkyd's Weapon Boutique.
  3819 | D:5      | Identified the +9 dagger "Embalmer" {flame, rElec rN+ MP+9
                  | Int-2}
  4279 | D:5      | Noticed Blork the orc
  4297 | D:5      | Killed Blork the orc
  4370 | D:5      | Noticed Grinder
  4384 | D:5      | Killed Grinder
  4849 | D:6      | Noticed a centaur warrior
  4870 | D:6      | Killed a centaur warrior
  4870 | D:6      | Reached XP level 9. HP: 28/74 MP: 13/15
  5061 | D:6      | Found a hide-covered altar of Uskayaw.
  5065 | D:6      | Noticed Edmund
  5113 | D:6      | Killed Edmund
  5300 | D:6      | Noticed Duvessa
  5300 | D:6      | Noticed Dowan
  5310 | D:6      | Killed Duvessa
  5318 | D:6      | Reached skill level 5 in Invocations
  5329 | D:6      | Killed Dowan
  5512 | D:6      | Found a staircase to the Ecumenical Temple.
  5565 | Temple   | Entered the Ecumenical Temple
  5777 | D:6      | Noticed Menkaure
  5787 | D:6      | Killed Menkaure
  5787 | D:6      | Reached XP level 10. HP: 14/80 MP: 17/17
  6223 | D:6      | Found a runed door.
  6227 | D:6      | Noticed Crazy Yiuf
  6234 | D:6      | Killed Crazy Yiuf
  6521 | D:7      | Reached ** piety under Ashenzari
  6560 | D:7      | Reached skill level 5 in Short Blades
  6560 | D:7      | Reached skill level 5 in Long Blades
  6560 | D:7      | Reached skill level 5 in Axes
  6560 | D:7      | Reached skill level 5 in Polearms
  6560 | D:7      | Reached skill level 5 in Staves
  6560 | D:7      | Reached skill level 5 in Slings
  6560 | D:7      | Reached skill level 5 in Bows
  6560 | D:7      | Reached skill level 5 in Crossbows
  6560 | D:7      | Reached skill level 5 in Throwing
  6560 | D:7      | Reached skill level 5 in Dodging
  6560 | D:7      | Reached skill level 5 in Stealth
  6560 | D:7      | Reached skill level 5 in Unarmed Combat
  6560 | D:7      | Reached skill level 5 in Spellcasting
  6560 | D:7      | Reached skill level 5 in Evocations
  6598 | D:7      | Found a radiant altar of Vehumet.
  6622 | D:7      | Found a bloodstained altar of Trog.
  6985 | D:8      | Noticed Gastronok
  7010 | D:8      | Demolished by Gastronok

Skill      XL: |  1  2  3  4  5  6  7  8  9 10 |
---------------+-------------------------------+-----
Invocations    | 1 2 3 4 5 |  5.6
Short Blades   | 1 2 3 4 5 |  5.1
Long Blades    | 1 2 3 4 5 |  5.1
Axes           | 1 2 3 4 5 |  5.1
Polearms       | 1 2 3 4 5 |  5.1
Staves         | 1 2 3 4 5 |  5.1
Slings         | 1 2 3 4 5 |  5.1
Bows           | 1 2 3 4 5 |  5.1
Crossbows      | 1 2 3 4 5 |  5.1
Throwing       | 1 2 3 4 5 |  5.1
Dodging        | 1 2 3 4 5 |  5.1
Stealth        | 1 2 3 4 5 |  5.1
Unarmed Combat | 1 2 3 4 5 |  5.1
Spellcasting   | 1 2 3 4 5 |  5.1
Evocations     | 1 2 3 4 5 |  5.1
Conjurations   | 1 2 3 4 |  4.2
Hexes          | 1 2 3 4 |  4.2
Charms         | 1 2 3 4 |  4.2
Summonings     | 1 2 3 4 |  4.2
Necromancy     | 1 2 3 4 |  4.2
Translocations | 1 2 3 4 |  4.2
Transmutations | 1 2 3 4 |  4.2
Fire Magic     | 1 2 3 4 |  4.2
Ice Magic      | 1 2 3 4 |  4.2
Air Magic      | 1 2 3 4 |  4.2
Earth Magic    | 1 2 3 4 |  4.2
Poison Magic   | 1 2 3 4 |  4.2
Maces & Flails | 5 6 |  6.9
Fighting       | 7 8 |  8.4
Armour         | 7 8 |  8.4
Shields        | 7 8 |  8.4

Action                   |  1- 3 |  4- 6 |  7- 9 | 10-12 || total
-------------------------+-------+-------+-------+-------++-------
Melee: Flail             |    98 |   171 |   184 |       ||   453
       Bite              |     9 |    28 |    34 |    21 ||    92
       Dagger            |       |       |    73 |   103 ||   176
Invok: Curse Item        |       |     2 |     5 |     1 ||     8
  Use: Scroll            |       |     4 |     8 |     4 ||    16
       Potion            |       |     1 |     1 |       ||     2
  Eat: Chunk             |     1 |     5 |     7 |     4 ||    17
       Ration            |       |       |     2 |       ||     2
Armor: Scale mail        |    36 |    52 |     5 |       ||    93
       Chain mail        |       |       |    57 |    42 ||    99
Dodge: Dodged            |    29 |    59 |    64 |    19 ||   171
Block: Shield            |    68 |   111 |   114 |    57 ||   350
